 Dungeon Crawl Stone Soup version 0.19-a0-1365-gb34f4cb (webtiles) character file.

79 mopl the Ruffian (level 4, -7/39 HPs)
             Began as a Troll Wizard on Sept 2, 2016.
             Mangled by a crocodile (14 damage)
             ... in a sewer.
             The game lasted 00:03:28 (701 turns).

mopl the Ruffian (Troll Wizard)                      Turns: 701, Time: 00:03:29

Health: -7/39      AC:  5    Str: 15    XL:     4   Next: 16%
Magic:  4/6        EV: 10    Int: 14    God:
Gold:   60         SH:  0    Dex:  9    Spells: 3 memorised, 1 level left

rFire  . . .     SeeInvis .       - Unarmed
rCold  . . .     Gourm    +     a - +0 robe
rNeg   . . .     Faith    .     (no shield)
rPois  .         Spirit   .     b - +0 hat
rElec  .         Dismiss  .     (no cloak)
rCorr  .         Reflect  .     (gloves unavailable)
MR     .....     Harm     .     (boots unavailable)
Stlth  +.........               (no amulet)
                                (no ring)
                                (no ring)

@: no status effects
A: unfitting armour, claws 3, fast metabolism 3, gourmand, regeneration 1,
shaggy fur 1, tough skin 2
a: no special abilities


You were in a sewer.
You were completely stuffed.

You visited 1 branch of the dungeon, and saw 3 of its levels.
You also visited: Sewer.

You collected 60 gold pieces.

Inventory:

Missiles
 p - 3 javelins (quivered)
 q - 2 tomahawks of returning
Armour
 a - a +0 robe (worn)
 b - a +0 hat (worn)
Scrolls
 e - a scroll of amnesia {unknown}
 g - a scroll of teleportation {unknown}
 h - a scroll of immolation {unknown}
 i - 3 scrolls of remove curse
 j - a scroll of recharging {unknown}
 n - a scroll of noise {unknown}
Potions
 l - a potion of mutation {!q}
 m - a potion of brilliance
 o - a potion of curing {unknown}
Books
 c - a book of Minor Magic

   Spells                             Type                      Level
   a - Magic Dart                     Conjuration                  1
   b - Blink                          Translocation                2
   c - Call Imp                       Summoning                    2
   d - Repel Missiles                 Charms/Air                   2
   e - Slow                           Hexes                        2
   f - Conjure Flame                  Conjuration/Fire             3
   g - Mephitic Cloud                 Conjuration/Poison/Air       3
 k - a book of Geomancy

   Spells                             Type                      Level
   a - Sandblast                      Earth                        1
   b - Passwall                       Transmutation/Earth          2
   c - Stone Arrow                    Conjuration/Earth            3
   d - Petrify                        Transmutation/Earth          4
   e - Lee's Rapid Deconstruction     Earth                        5
Comestibles
 d - 5 bread rations
 f - 6 chunks of flesh


   Skills:
 - Level 1.5 Dodging
 - Level 1.1 Stealth
 * Level 3.8 Unarmed Combat
 - Level 2.0 Spellcasting
 - Level 0.6 Conjurations
   Level 0.6 Summonings
 - Level 0.6 Translocations


You had one spell level left.
You knew the following spells:

 Your Spells              Type           Power        Failure   Level  Hunger
a - Magic Dart            Conj           #...         21%         1    ##.....
d - Mephitic Cloud        Conj/Pois/Air  #.......     73%         3    ####...
e - Blink                 Tloc           N/A          30%         2    ###....


Dungeon Overview and Level Annotations

Branches:
Dungeon (3/15)

Altars:


Innate Abilities, Weirdness & Mutations

You are too large for most types of armour.
You have claws for hands.
Your metabolism is lightning-fast.
You like to eat raw meat.
Your natural rate of healing is unusually fast.
You are covered in fur. (AC +1)
You have very tough skin. (AC +2)


Message History

You claw the crocodile!
The crocodile is moderately wounded.
The crocodile bites you!
Unknown command.
Cast which spell? (? or * to list)
You blink.
You scratch the crocodile but do no damage.
The crocodile is moderately wounded.
The crocodile bites you but does no damage.
You barely miss the crocodile.
The crocodile is moderately wounded.
The crocodile closely misses you.
You claw the crocodile!
The crocodile is severely wounded.
The crocodile bites you!!
* * * LOW HITPOINT WARNING * * *
You claw the crocodile!
The crocodile is almost dead.
The crocodile bites you!
You die...

...... ..... ...
####### #.#
##.....## #.#
##...≈...## #.#
##...≈≈≈...#######.#
#.†.≈≈≈≈≈..........#
##.t@≈≈≈...#######.#
##...≈...## #.#
##.....## #.#
####### #.# #.# #.#
.#


You could see a crocodile.

Vanquished Creatures
  An orc wizard (D:3)
  An ooze (D:1)
  2 dart slugs (D:1)
  A giant gecko (D:2)
  2 orcs (D:3)
  2 giant cockroaches
  3 goblins (D:1)
  4 hobgoblins
  A quokka (D:2)
  2 ball pythons (D:3)
  7 bats
  2 giant newts (D:1)
  3 kobolds
  9 rats
40 creatures vanquished.

Notes
Turn   | Place    | Note
-------+----------+-------------------------------------------
     0 | D:1      | mopl the Troll Wizard began the quest for the Orb.
     0 | D:1      | Reached XP level 1. HP: 16/16 MP: 2/2
    63 | D:1      | Reached skill level 1 in Unarmed Combat
    85 | D:1      | Reached XP level 2. HP: 24/24 MP: 4/4
    92 | D:1      | Learned a level 2 spell: Blink
   130 | D:2      | Reached skill level 2 in Unarmed Combat
   300 | D:1      | Reached XP level 3. HP: 31/31 MP: 5/5
   354 | D:2      | Learned a level 3 spell: Mephitic Cloud
   419 | D:3      | Reached skill level 3 in Unarmed Combat
   539 | D:3      | Reached XP level 4. HP: 39/39 MP: 6/6
   575 | D:3      | Found a glowing drain.
   595 | Sewer    | Entered a sewer
   669 | Sewer    | Noticed a crocodile
   701 | Sewer    | Mangled by a crocodile

Vault maps used:
D:1:      dpeg_arrival_shelter, moated_statue
D:2:      overflow_temple_1_default, first_bread, ecumenical_altar_1,
          minmay_small_reverse_x
D:3:      serial_glass, glass_columns_c, glass_columns_b, portal_sewer_entry_b
Sewer:    sewer_big_baddie

Skill      XL: |  1  2  3 |
---------------+----------+-----
Unarmed Combat | 1 2 3 |  3.8
Dodging        | |  1.5
Stealth        | |  1.1
Spellcasting   | |  2.0
Conjurations   | |  0.6
Summonings     | |  0.6
Translocations | |  0.6

Action                   |  1- 3 |  4- 6 || total
-------------------------+-------+-------++-------
Melee: Unarmed           |    93 |    39 ||   132
 Cast: Blink             |       |     1 ||     1
  Use: Scroll            |     3 |       ||     3
 Stab: Sleeping          |     2 |       ||     2
  Eat: Chunk             |     7 |     5 ||    12
Armor: Robe              |    39 |    36 ||    75
Dodge: Dodged            |    52 |    31 ||    83
